[ AOE2 MATCH · #506902951 ]
UnrankedPersians vs Hindustanis
Player's team · WIN
[ REPLAY ANALYSIS · EXTRACTED FROM THE RECORDED GAME ]
Feudal
17:19
Castle
26:21
Imperial
—
| APM avg | 49.6 |
| APM peak | 107 |
| eAPM avg | 25.5 |
| Villagers / military | 78 / 19 |
Focus
⚔️ 35.3% · 🌾 64.7%
Knight ×6 · Militia ×6 · Petard ×4 · Mangonel ×3
Feudal
8:56
Castle
27:32
Imperial
—
| APM avg | 52.4 |
| APM peak | 97 |
| eAPM avg | 22.1 |
| Villagers / military | 104 / 49 |
Focus
⚔️ 30.2% · 🌾 69.8%
Archer ×20 · Camel Scout ×17 · Mangonel ×9 · Ghulam ×2 · Armored Elephant ×1
Match map
Initial resources + every placement click. Lines = walls · curves = elevation contours. ◆ gold · ⬟ stone · ● berries · ✦ relic · ◌ wall gap
Your base· Open — unwalled flank
Vegeta's base· Open — unwalled flank
Smoothed initial terrain · ◌ = detected wall gap · hover for details
Inputs per minute
— MztK | FeNiX - - Vegeta
Build order — MztK | FeNiX
First 150 of 190 actions detected
| 0:00 | Queue | Villager (Male) |
| 0:01 | Build | House |
| 0:02 | Build | House |
| 0:04 | Queue | Villager (Male) |
| 0:04 | Queue | Villager (Male) |
| 0:04 | Queue | Villager (Male) |
| 0:24 | Queue | Villager (Male) |
| 0:24 | Queue | Villager (Male) |
| 1:39 | Queue | Villager (Male) |
| 1:40 | Queue | Villager (Male) |
| 2:05 | Build | Barracks |
| 2:08 | Build | House |
| 2:11 | Build | House |
| 2:17 | Queue | Villager (Male) |
| 2:45 | Queue | Villager (Male) |
| 3:02 | Queue | Militia |
| 3:09 | Queue | Villager (Male) |
| 3:27 | Queue | Militia |
| 3:38 | Queue | Villager (Male) |
| 3:40 | Queue | Militia |
| 4:00 | Queue | Villager (Male) |
| 4:00 | Queue | Villager (Male) |
| 4:11 | Queue | Militia |
| 4:11 | Queue | Militia |
| 4:27 | Queue | Villager (Male) |
| 4:39 | Queue | Militia |
| 4:47 | Build | House |
| 5:00 | Queue | Villager (Male) |
| 5:03 | Queue | Villager (Male) |
| 5:03 | Queue | Villager (Male) |
| 5:25 | Queue | Villager (Male) |
| 5:43 | Queue | Villager (Male) |
| 6:19 | Queue | Villager (Male) |
| 6:19 | Queue | Villager (Male) |
| 6:20 | Queue | Villager (Male) |
| 6:20 | Queue | Villager (Male) |
| 6:24 | Build | House |
| 6:28 | Build | Lumber Camp |
| 6:46 | Queue | Villager (Male) |
| 7:26 | Build | House |
| 8:02 | Queue | Villager (Male) |
| 8:02 | Queue | Villager (Male) |
| 8:02 | Queue | Villager (Male) |
| 8:55 | Build | Mill |
| 9:55 | Build | Town Center |
| 10:05 | Build | Town Center |
| 10:12 | Build | Palisade Gate |
| 10:57 | Queue | Villager (Male) |
| 10:58 | Queue | Villager (Male) |
| 11:28 | Research | Loom |
| 11:28 | Research | Loom |
| 11:32 | Research | Loom |
| 12:09 | Build | Mill |
| 12:21 | Queue | Villager (Male) |
| 12:21 | Queue | Villager (Male) |
| 12:22 | Queue | Villager (Male) |
| 12:52 | Build | House |
| 13:18 | Queue | Villager (Male) |
| 13:18 | Queue | Villager (Male) |
| 13:18 | Queue | Villager (Male) |
| 13:19 | Queue | Villager (Male) |
| 13:19 | Queue | Villager (Male) |
| 15:15 | Research | Feudal Age |
| 17:19 | Age | Feudal Age |
| 17:49 | Queue | Villager (Male) |
| 17:49 | Queue | Villager (Male) |
| 17:51 | Build | Mining Camp |
| 18:05 | Build | Palisade Gate |
| 18:23 | Build | Palisade Gate |
| 18:40 | Queue | Villager (Male) |
| 18:45 | Build | Watch Tower |
| 18:45 | Queue | Villager (Male) |
| 19:04 | Queue | Villager (Male) |
| 19:04 | Queue | Villager (Male) |
| 19:04 | Queue | Villager (Male) |
| 19:12 | Build | Lumber Camp |
| 19:44 | Build | Watch Tower |
| 20:28 | Build | Watch Tower |
| 20:56 | Build | Farm |
| 20:57 | Build | Market |
| 21:00 | Build | Blacksmith |
| 21:06 | Build | Watch Tower |
| 21:09 | Queue | Villager (Male) |
| 21:11 | Build | Farm |
| 21:23 | Queue | Villager (Male) |
| 21:28 | Research | Gold Mining |
| 21:28 | Research | Gold Mining |
| 22:12 | Queue | Villager (Male) |
| 22:37 | Queue | Villager (Male) |
| 22:37 | Queue | Villager (Male) |
| 22:55 | Build | Farm |
| 23:05 | Build | Palisade Wall |
| 23:55 | Research | Castle Age |
| 24:22 | Research | Double-Bit Axe |
| 24:22 | Research | Double-Bit Axe |
| 24:38 | Build | Farm |
| 24:42 | Build | Farm |
| 24:52 | Build | Farm |
| 25:16 | Build | Farm |
| 25:26 | Build | Farm |
| 25:30 | Build | Farm |
| 25:34 | Build | Farm |
| 25:36 | Build | Farm |
| 26:21 | Age | Castle Age |
| 26:26 | Build | Town Center |
| 26:33 | Queue | Villager (Male) |
| 26:35 | Research | Bow Saw |
| 26:53 | Queue | Villager (Male) |
| 26:57 | Build | Stable |
| 27:01 | Queue | Villager (Male) |
| 27:41 | Queue | Villager (Male) |
| 27:44 | Build | Watch Tower |
| 27:52 | Queue | Knight |
| 27:52 | Queue | Knight |
| 27:52 | Queue | Knight |
| 27:52 | Queue | Knight |
| 27:56 | Research | Forging |
| 27:56 | Research | Forging |
| 27:59 | Research | Scale Barding Armor |
| 28:13 | Build | Farm |
| 28:14 | Queue | Villager (Male) |
| 28:18 | Build | Farm |
| 28:20 | Queue | Villager (Male) |
| 28:28 | Build | Outpost |
| 28:46 | Build | Outpost |
| 28:50 | Queue | Villager (Male) |
| 28:56 | Build | Farm |
| 28:56 | Build | Farm |
| 29:00 | Build | Outpost |
| 29:06 | Build | Outpost |
| 29:10 | Queue | Knight |
| 29:11 | Queue | Villager (Male) |
| 29:14 | Build | Farm |
| 29:16 | Build | Farm |
| 29:19 | Build | Farm |
| 29:23 | Queue | Villager (Male) |
| 29:26 | Build | House |
| 29:33 | Research | Town Watch |
| 29:51 | Build | Outpost |
| 30:06 | Research | Forging |
| 30:15 | Research | Fletching |
| 30:15 | Research | Fletching |
| 30:24 | Queue | Villager (Male) |
| 30:24 | Queue | Villager (Male) |
| 30:32 | Build | Siege Workshop |
| 30:37 | Queue | Villager (Male) |
| 30:37 | Queue | Villager (Male) |
| 30:37 | Queue | Villager (Male) |
| 30:41 | Build | Outpost |
| 30:43 | Build | Watch Tower |
Build order — Vegeta
First 150 of 265 actions detected
| 0:00 | Queue | Villager (Male) |
| 0:01 | Queue | Villager (Male) |
| 0:02 | Build | House |
| 0:02 | Queue | Villager (Male) |
| 0:03 | Queue | Villager (Male) |
| 0:04 | Build | House |
| 1:18 | Queue | Villager (Male) |
| 1:18 | Queue | Villager (Male) |
| 1:27 | Queue | Villager (Male) |
| 2:02 | Queue | Villager (Male) |
| 2:15 | Queue | Villager (Male) |
| 2:34 | Build | Lumber Camp |
| 2:50 | Queue | Villager (Male) |
| 3:04 | Queue | Villager (Male) |
| 3:42 | Build | House |
| 3:49 | Queue | Villager (Male) |
| 3:55 | Queue | Villager (Male) |
| 4:10 | Build | Palisade Wall |
| 4:41 | Build | Mill |
| 4:53 | Queue | Villager (Male) |
| 4:53 | Queue | Villager (Male) |
| 4:54 | Queue | Villager (Male) |
| 4:54 | Queue | Villager (Male) |
| 4:57 | Queue | Villager (Male) |
| 5:47 | Research | Loom |
| 5:48 | Queue | Villager (Male) |
| 6:22 | Queue | Villager (Male) |
| 6:42 | Research | Feudal Age |
| 6:42 | Research | Feudal Age |
| 6:46 | Research | Feudal Age |
| 7:11 | Build | Palisade Wall |
| 7:13 | Build | Palisade Wall |
| 7:14 | Build | Palisade Wall |
| 7:20 | Queue | Villager (Male) |
| 7:38 | Build | Palisade Wall |
| 7:39 | Build | Palisade Wall |
| 7:41 | Build | Palisade Wall |
| 7:55 | Queue | Villager (Male) |
| 8:04 | Queue | Villager (Male) |
| 8:26 | Build | Palisade Wall |
| 8:27 | Build | Palisade Wall |
| 8:28 | Build | Palisade Wall |
| 8:30 | Build | Palisade Wall |
| 8:34 | Build | Palisade Wall |
| 8:36 | Build | Palisade Wall |
| 8:47 | Queue | Villager (Male) |
| 8:50 | Queue | Villager (Male) |
| 8:56 | Age | Feudal Age |
| 9:16 | Build | Barracks |
| 9:21 | Build | Palisade Wall |
| 9:53 | Queue | Villager (Male) |
| 10:11 | Queue | Villager (Male) |
| 10:36 | Build | Mining Camp |
| 10:46 | Queue | Villager (Male) |
| 10:50 | Build | House |
| 11:33 | Build | House |
| 11:34 | Build | Palisade Wall |
| 11:38 | Queue | Villager (Male) |
| 11:43 | Queue | Villager (Male) |
| 11:50 | Build | Archery Range |
| 11:52 | Build | House |
| 11:57 | Queue | Villager (Male) |
| 12:16 | Build | House |
| 12:20 | Queue | Villager (Male) |
| 12:35 | Build | Lumber Camp |
| 12:56 | Queue | Archer |
| 13:18 | Queue | Villager (Male) |
| 13:20 | Queue | Archer |
| 13:36 | Queue | Villager (Male) |
| 13:41 | Queue | Archer |
| 13:47 | Build | Palisade Wall |
| 13:56 | Queue | Villager (Male) |
| 14:02 | Queue | Archer |
| 14:15 | Build | House |
| 14:22 | Queue | Villager (Male) |
| 14:28 | Queue | Archer |
| 14:32 | Build | House |
| 14:40 | Queue | Archer |
| 14:57 | Queue | Archer |
| 14:59 | Build | House |
| 15:01 | Build | House |
| 15:04 | Build | Palisade Wall |
| 15:06 | Build | Palisade Wall |
| 15:19 | Queue | Archer |
| 15:43 | Build | Stable |
| 15:46 | Build | Blacksmith |
| 15:50 | Queue | Archer |
| 16:26 | Research | Fletching |
| 16:26 | Research | Fletching |
| 16:36 | Build | Town Center |
| 16:47 | Build | House |
| 17:37 | Queue | Archer |
| 18:16 | Queue | Archer |
| 18:17 | Queue | Villager (Male) |
| 18:46 | Queue | Villager (Male) |
| 18:47 | Queue | Archer |
| 18:49 | Build | Farm |
| 18:49 | Build | Farm |
| 18:49 | Build | Farm |
| 18:50 | Build | Farm |
| 18:50 | Build | Farm |
| 18:50 | Build | Farm |
| 18:50 | Build | Farm |
| 18:51 | Build | Farm |
| 19:06 | Queue | Villager (Male) |
| 19:16 | Queue | Villager (Male) |
| 19:33 | Queue | Villager (Male) |
| 20:12 | Build | House |
| 20:20 | Queue | Villager (Male) |
| 20:26 | Build | Mill |
| 20:26 | Build | Farm |
| 20:27 | Build | Farm |
| 20:27 | Build | Farm |
| 20:27 | Build | Farm |
| 20:27 | Build | Farm |
| 20:28 | Build | Farm |
| 20:28 | Build | Farm |
| 20:28 | Build | Farm |
| 20:33 | Queue | Villager (Male) |
| 20:35 | Build | House |
| 20:37 | Build | House |
| 20:42 | Build | Palisade Wall |
| 20:51 | Queue | Villager (Male) |
| 20:55 | Build | House |
| 20:57 | Build | House |
| 20:57 | Build | House |
| 20:57 | Build | House |
| 21:06 | Queue | Villager (Male) |
| 21:15 | Research | Double-Bit Axe |
| 21:33 | Research | Town Watch |
| 21:36 | Build | Outpost |
| 21:38 | Build | Outpost |
| 21:42 | Queue | Villager (Male) |
| 21:58 | Queue | Villager (Male) |
| 22:09 | Queue | Villager (Male) |
| 22:20 | Build | Farm |
| 22:24 | Build | Farm |
| 22:26 | Build | Farm |
| 22:27 | Queue | Villager (Male) |
| 22:28 | Build | House |
| 22:29 | Build | House |
| 22:38 | Queue | Villager (Male) |
| 23:43 | Queue | Villager (Male) |
| 24:15 | Build | Market |
| 24:18 | Queue | Villager (Male) |
| 24:39 | Queue | Archer |
| 24:40 | Queue | Archer |
| 24:40 | Queue | Archer |
| 24:52 | Research | Castle Age |
| 24:52 | Research | Castle Age |
Match timeline
| 2:05 | MztK | FeNiX · first_building Barracks |
| 4:10 | Vegeta · wall_segment Palisade Wall x7 |
| 7:11 | Vegeta · wall_segment Palisade Wall x1 |
| 7:13 | Vegeta · wall_segment Palisade Wall x1 |
| 7:14 | Vegeta · wall_segment Palisade Wall x1 |
| 7:38 | Vegeta · wall_segment Palisade Wall x1 |
| 7:39 | Vegeta · wall_segment Palisade Wall x1 |
| 7:41 | Vegeta · wall_segment Palisade Wall x1 |
| 8:26 | Vegeta · wall_segment Palisade Wall x1 |
| 8:27 | Vegeta · wall_segment Palisade Wall x1 |
| 8:28 | Vegeta · wall_segment Palisade Wall x1 |
| 8:30 | Vegeta · wall_segment Palisade Wall x2 |
| 8:34 | Vegeta · wall_segment Palisade Wall x1 |
| 8:36 | Vegeta · wall_segment Palisade Wall x1 |
| 8:56 | Vegeta · age_up feudal |
| 9:16 | Vegeta · first_building Barracks |
| 9:21 | Vegeta · wall_segment Palisade Wall x1 |
| 11:34 | Vegeta · wall_segment Palisade Wall x1 |
| 11:50 | Vegeta · first_building Archery Range |
| 13:47 | Vegeta · wall_segment Palisade Wall x2 |
| 15:04 | Vegeta · wall_segment Palisade Wall x1 |
| 15:06 | Vegeta · wall_segment Palisade Wall x1 |
| 15:43 | Vegeta · first_building Stable |
| 17:19 | MztK | FeNiX · age_up feudal |
| 20:42 | Vegeta · wall_segment Palisade Wall x8 |
| 22:15 | MztK | FeNiX · first_market_buy 100 food |
| 22:41 | MztK | FeNiX · first_market_sell 100 stone |
| 23:05 | MztK | FeNiX · wall_segment Palisade Wall x2 |
| 26:21 | MztK | FeNiX · age_up castle |
| 26:27 | Vegeta · wall_segment Palisade Wall x1 |
| 26:29 | Vegeta · wall_segment Palisade Wall x7 |
| 26:30 | Vegeta · wall_segment Palisade Wall x4 |
| 26:35 | Vegeta · wall_segment Palisade Wall x10 |
| 26:57 | MztK | FeNiX · first_building Stable |
| 27:32 | Vegeta · age_up castle |
| 27:44 | Vegeta · first_building Siege Workshop |
| 28:32 | Vegeta · first_market_sell 100 food |
| 30:32 | MztK | FeNiX · first_building Siege Workshop |
| 34:47 | Vegeta · first_market_buy 100 wood |
| 38:52 | Vegeta · first_building Castle |
| 39:02 | MztK | FeNiX · first_building Castle |
| 41:06 | Vegeta · resign |
[ AI ANALYSIS · 1 CREDIT ]
What really happened in this match?
Wolo.gg analyzes every decision: build order, eco, micro, common mistakes by bracket. Personalized analysis on WhatsApp or Discord in 30 seconds.
Civ guide
Persians
Perfil
Jugador #2326154